 Dungeon Crawl Stone Soup version 0.20.1-1-g8b1a95d (webtiles) character file.

489 Angulimala the Skirmisher (level 6, -5/53 HPs)
             Began as a Demonspawn Chaos Knight on Aug 13, 2017.
             Slain by an iron imp (7 damage)
             ... summoned by Xom
             ... on level 5 of the Dungeon.
             The game lasted 00:15:08 (4684 turns).

Angulimala the Skirmisher (Demonspawn Chaos Knight) Turns: 4684, Time: 00:15:08

Health: -5/53      AC: 10    Str: 14 (15) XL:     6   Next: 90%
Magic:  6/6        EV: 12    Int: 12 (13) God:    Xom [...*..]
Gold:   146        SH:  0    Dex: 10 (12) Spells: 5/5 levels left

rFire    . . .     SeeInvis +   a - +0 mace (chaos)
rCold    . . .     Gourm    .   (no shield)
rNeg     . . .     Faith    .   b - +2 leather armour
rPois    .         Spirit   .   (helmet restricted)
rElec    .         Reflect  .   (no cloak)
rCorr    .         Harm     .   D - +1 pair of gloves
MR       .....                  w - +0 pair of boots
Stlth    ++........             (no amulet)
Regen    0.2/turn               (no ring)
MPRegen  0.1/turn               (no ring)

@: no status effects
A: antennae 2, yellow scales 1, see invisible, nightstalker 1, sense
surroundings 1
a: Renounce Religion


You were on level 5 of the Dungeon.
You worshipped Xom.
You were a favourite toy of Xom.
You were not hungry.

You visited 2 branches of the dungeon, and saw 6 of its levels.

You collected 256 gold pieces.
You spent 110 gold pieces at shops.

Inventory:

Hand Weapons
 a - a +0 mace of chaos (weapon)
 p - a +0 flail
Missiles
 l - 140 stones
 m - 14 tomahawks (quivered)
 u - 46 sling bullets
Armour
 b - a +2 leather armour (worn)
 w - a +0 pair of boots (worn)
 D - a +1 pair of gloves (worn)
Wands
 v - a wand of digging (14/24)
 y - a wand of iceblast (6/15)
Scrolls
 d - a scroll of fog {unknown}
 f - 2 scrolls of identify
 h - a scroll of recharging {unknown}
 n - 3 scrolls of remove curse
 o - 3 scrolls of amnesia
 q - a scroll of enchant armour
 s - a scroll of magic mapping {unknown}
 t - a scroll of immolation
 x - a scroll of fear {unknown}
 A - 2 scrolls of teleportation {unknown}
Potions
 e - a potion of flight {unknown}
 g - a potion of curing
 i - a potion of agility
 r - a potion of might {unknown}
Comestibles
 c - 3 bread rations
 k - 2 meat rations
 B - 3 fruits


   Skills:
 * Level 6.7 Fighting
 - Level 4.0 Maces & Flails
 - Level 1.7 Armour
 - Level 2.0 Dodging


You had 5 spell levels left.
You didn't know any spells.

Dungeon Overview and Level Annotations

Branches:
Dungeon (5/15)             Temple (1/1) D:4

Altars:
Ashenzari
Cheibriados
Dithmenos
Elyvilon
Fedhas
Gozag
Hepliaklqana
Kikubaaqudgha
Makhleb
Nemelex Xobeh
Qazlal
Ru
Sif Muna
Trog
Uskayaw
Vehumet
Xom
The Shining One

Shops:
D:4 }


Innate Abilities, Weirdness & Mutations

You have a pair of antennae on your head.
You are partially covered in yellow scales. (AC +2)
You are slightly more attuned to the shadows.
You have supernaturally acute eyesight. (SInv)
You passively map a small area around you.


Message History

* * * LOW HITPOINT WARNING * * *
The steam dragon bites you.
* * * LOW HITPOINT WARNING * * *
The steam dragon closely misses you.
Okay, then.
You feel better.
The steam dragon bites you but does no damage.
The steam dragon claws you but does no damage. "Let's see if it's strong enough to survive yet."
You are now a favourite toy of Xom.
Found 13 gold pieces.
The iron imp misses you. The steam dragon breathes steam at you.
The ball of steam hits you!
* * * LOW HITPOINT WARNING * * *
The iron imp hits you.
* * * LOW HITPOINT WARNING * * *
The iron imp hits you!
You die...
Xom cackles wildly!

, ** .$....#
#.....# #.....# *
* #.....#
(.######.....# *
*....(...3...#* ,,
..$.......5@#####
, *
#########D5.......
, * ##.ยง###### ,
, #..# * *#..# * ,
, .... * ,, * , ,
####. , * *.#** ,<


You could see a smoke demon, a steam dragon and 2 iron imps.

Vanquished Creatures
  A sky beast (D:4)
  2 scorpions (D:4)
  A howler monkey (D:2)
  A hound (D:4)
  An iguana (D:4)
  3 worker ants (D:4)
  3 adders (D:2)
  An adder skeleton (D:4)
  5 worms
  2 dart slugs (D:1)
  6 leopard geckos
  5 orcs
  4 bats
  5 giant cockroaches
  6 goblins
  13 hobgoblins
  3 jackals (D:2)
  A quokka (D:2)
  A frilled lizard (D:1)
  7 kobolds
  A quokka skeleton (D:4)
  6 rats
78 creatures vanquished.

Vanquished Creatures (collateral kills)
  A kobold (D:1)
  A rat (D:1)
2 creatures vanquished.

Grand Total: 80 creatures vanquished

Notes
Turn   | Place    | Note
-------+----------+-------------------------------------------
     0 | D:1      | Angulimala the Demonspawn Chaos Knight began the quest for the Orb.
     0 | D:1      | Reached XP level 1. HP: 18/18 MP: 1/1
   104 | D:1      | XOM: silly message
   106 | D:1      | Gained mutation: You have a pair of small antennae on your head. [demonic ancestry]
   106 | D:1      | Reached XP level 2. HP: 20/24 MP: 2/2
   195 | D:1      | Reached skill level 4 in Fighting
   197 | D:1      | XOM: divination: detect items
   198 | D:1      | Reached skill level 1 in Dodging
   312 | D:1      | XOM: harmless Tloc miscast
   391 | D:1      | Reached XP level 3. HP: 22/30 MP: 3/3
  1085 | D:2      | XOM: harmless Ice miscast
  1170 | D:2      | XOM: swap monsters
  1175 | D:2      | XOM: polymorph leopard gecko -> orc
  1536 | D:2      | Gained mutation: You are partially covered in yellow scales. (AC +2) [demonic ancestry]
  1536 | D:2      | Reached XP level 4. HP: 34/37 MP: 4/4
  1557 | D:2      | XOM: divination: detect items
  1622 | D:2      | XOM: harmless Conj miscast
  2099 | D:2      | XOM: harmless Air miscast
  2429 | D:3      | Found a deep blue altar of Sif Muna.
  2474 | D:3      | XOM: smoke on damage
  2475 | D:3      | Gained mutation: You have a pair of antennae on your head. [demonic ancestry]
  2475 | D:3      | Reached XP level 5. HP: 31/42 MP: 5/5
  2595 | D:3      | XOM: silly message
  2623 | D:3      | XOM: give mutations
  2623 | D:3      | Gained mutation: You are frail. (-10% HP) [Xom's mischief]
  2623 | D:3      | Gained mutation: You are very frail. (-20% HP) [Xom's mischief]
  2625 | D:3      | XOM: give mutations
  2625 | D:3      | Gained mutation: You passively map a small area around you. [Xom's grace]
  2625 | D:3      | Lost mutation: You are very frail. (-20% HP) [Xom's grace]
  2870 | D:4      | Found Oqaennis's Gadget Boutique.
  2876 | D:4      | Bought a wand of iceblast (6/15) for 110 gold pieces
  2934 | D:4      | Noticed a sky beast
  2950 | D:4      | XOM: cloud trail
  3009 | D:4      | Reached skill level 5 in Fighting
  3299 | D:4      | Found a stormy altar of Qazlal.
  3457 | D:4      | Found a staircase to the Ecumenical Temple.
  3462 | D:4      | Gained mutation: You are slightly more attuned to the shadows. [demonic ancestry]
  3462 | D:4      | Reached XP level 6. HP: 45/45 MP: 6/6
  3550 | Temple   | Entered the Ecumenical Temple
  3805 | D:4      | Killed a sky beast
  3805 | D:4      | Reached skill level 6 in Fighting
  3876 | D:4      | XOM: mild Pois miscast
  3975 | D:4      | Lost mutation: You are frail. (-10% HP) [potion of mutation]
  3975 | D:4      | Lost mutation: You passively map a small area around you. [potion of mutation]
  3975 | D:4      | Gained mutation: You have supernaturally acute eyesight. (SInv) [potion of mutation]
  3975 | D:4      | Gained mutation: You passively map a small area around you. [potion of mutation]
  4433 | D:3      | XOM: harmless Tmut miscast
  4576 | D:3      | XOM: harmless Hex miscast
  4670 | D:5      | Entered Level 5 of the Dungeon
  4670 | D:5      | Noticed an ice beast
  4675 | D:5      | XOM: repel stairs
  4677 | D:5      | Noticed a steam dragon
  4677 | D:5      | an ice beast changed into a steam dragon
  4680 | D:5      | XOM: summons 3 hostile demons
  4681 | D:5      | Noticed a smoke demon
  4683 | D:5      | HP: 2/53 [iron imp[Xom] (1)]
  4684 | D:5      | Slain by an iron imp

Skill      XL: |  1  2  3  4  5  6 |
---------------+-------------------+-----
Fighting       | 4 5 6 |  6.7
Dodging        | 1 2 |  2.0
Maces & Flails | 3 4 |  4.0
Armour         | |  1.7

Action                   |  1- 3 |  4- 6 || total
-------------------------+-------+-------++-------
Melee: Mace              |   122 |   145 ||   267
Throw: Stone             |    12 |    35 ||    47
       Tomahawk          |       |    41 ||    41
  Use: Potion            |       |     8 ||     8
       Scroll            |       |     5 ||     5
 Stab: Paralysed         |     2 |     1 ||     3
  Eat: Bread ration      |     1 |     1 ||     2
       Chunk             |       |     3 ||     3
Armor: Leather armour    |    42 |    51 ||    93
Dodge: Dodged            |    76 |    72 ||   148
